 Seeded DCSS version 0.32-a0-485-g70f7560b1c (webtiles) character file.

Game seed: 9732152831903570027 (custom seed)

1684 timneilson the Ruffian (level 9, -1/61 HPs)
             Began as an Octopode Shapeshifter on Feb 26, 2024.
             Was an Initiate of Gozag.
             Slain by an orc priest
             ... wielding a +0 mace
              (9 damage)
             ... on level 5 of the Dungeon.
             The game lasted 00:09:42 (5548 turns).

timneilson the Ruffian (Octopode Shapeshifter)      Turns: 5548, Time: 00:09:43

Health: -1/61      AC:  1    Str: 17    XL:     9   Next: 2%
Magic:  9/9        EV: 14    Int: 13    God:    Gozag
Gold:   949        SH:  0    Dex: 11    Spells: 8/8 levels left

rFire   . .          .
                       - Unarmed
rCold   . . .        (no shield)
rNeg    . . .        (helmet currently unavailable)
rPois   .            (no amulet)
rElec   .            (no ring)
rCorr   .            (no ring)
SInv    .            (no ring)
Will    .....        (no ring)
Stlth   ++++         (no ring)
HPRegen 0.30/turn    (no ring)
MPRegen 0.11/turn    (no ring)
                     (no ring)

%: no passive effects
@: beast-form, gold aura
A: beast (slay +3), almost no armour, amphibious, 8 rings, camouflage 1,
gelatinous body 1, (nimble swimmer 1), tentacles
a: Begin Untransformation, Renounce Religion, Potion Petition, Call Merchant,
Bribe Branch


You were on level 5 of the Dungeon.
You worshipped Gozag.
Gozag was pleased with you.
You were a hulking beast.
You visited 1 branch of the dungeon, and saw 5 of its levels.
You also visited: Ossuary.

You collected 964 gold pieces.
You paid 15 gold pieces to Gozag.

Inventory:

Missiles
 m - a throwing net (quivered)
Jewellery
 e - a ring of ice
 f - an amulet of magic regeneration
 o - a ring of resist corrosion
Talismans
 b - a beast talisman (active)
 c - a flux talisman
Scrolls
 j - 2 scrolls of revelation
 k - a scroll of poison
 p - 2 scrolls of teleportation
 q - a scroll of identify
 t - a scroll of immolation
 v - a scroll of amnesia
Potions
 a - 8 potions of lignification
 d - 2 potions of brilliance
 g - 2 potions of might
 h - a potion of enlightenment
 i - 3 potions of curing
 n - a potion of cancellation
 r - a potion of mutation
 s - 2 potions of invisibility
 u - a potion of haste
 w - a potion of resistance


   Skills:
 * Level 5.3 Fighting
 * Level 5.5 Dodging
 + Level 5.2 Stealth
 * Level 6.0 Unarmed Combat
 * Level 5.5 Shapeshifting


You had 8 spell levels left.
You didn't know any spells.
Your spell library contained the following spells:

 Spells                   Type           Power      Damage    Failure   Level
 Lesser Beckoning         Tloc           0%         N/A       43%         2
 Gell's Gravitas          Tloc           0%         N/A       67%         3
 Teleport Other           Tloc           0%         N/A       67%         3


Dungeon Overview and Level Annotations

Branches:
Dungeon (5/15)            Ossuary (visited)
 Temple: D:4-7

Altars:
Gozag
Vehumet
Yredelemnul

Shops:
D:4 *

Annotations:
D:4 exclusion: statue


Innate Abilities, Weirdness & Mutations

You are a hulking beast.
Your limbs bulge with bestial killing power. (Slay +3)
You cannot wear most types of armour.
You are amphibious.
You can wear up to eight rings at the same time.
Your skin changes colour to match your surroundings (Stealth+).
Your rubbery body absorbs attacks. (AC +1, EV +1)
((You are camouflaged when in or above water. (Stealth+)))
You have tentacles for arms and can constrict up to eight enemies at once.


Message History

You now have 937 gold pieces (gained 7).
You see here a +0 club.
You now have 940 gold pieces (gained 3).
You see here a +0 war axe.
You now have 949 gold pieces (gained 9).
Things that are here:
a +0 dagger; a +0 robe
There is a stone staircase leading down, spattered with blood here.
You climb downwards.
The orc priest invokes the aid of Beogh against you.
Beogh smites you!
There is a stone staircase leading up, spattered with blood here.
The orc priest mumbles some strange prayers to Beogh against you.
Beogh smites you!
The orc priest looks braver for a moment.
You barely miss the orc priest. You grab the orc priest.
You tentacle-slap the orc priest. You squeeze the orc priest!
The orc priest is severely wounded.
You constrict the orc priest.
The orc priest calls upon Beogh to heal the orc priest.
The orc priest is healed somewhat.
The orc priest barely misses you.
You bludgeon the orc priest!
You kill the orc priest!
The orc priest hits you with a +0 mace!
Your Unarmed Combat skill increases to level 6!
You tentacle-slap the orc priest but do no damage.
Your grab misses the orc priest.
The orc priest mumbles some strange prayers to Beogh against you.
Beogh smites you!
* * * LOW HITPOINT WARNING * * *
You tentacle-slap the orc priest. You grab the orc priest.
You squeeze the orc priest.
The orc priest is heavily wounded.
You constrict the orc priest. The orc priest hits you with a +0 mace!
* * * LOW HITPOINT WARNING * * *
You barely miss the orc priest.
The orc priest is severely wounded.
You constrict the orc priest. The orc priest hits you with a +0 mace!
You die...
Your body crumbles into a pile of gold.

#....##.###.##.####..####
##..<...# #..........####
#############.####......
#......# #..##.#
##.###### #..##.# #...#
#...... #<..# #.##.##
#...# ##.##.## #h..#
#....... #$o.# #..##.#.
#............. # ##.#.
(..oo.......... #)...
.#o............. ..#..#.
######...#####. ..#..#.
#...# #....... #...#
#.##.... #...# #.##....


You could see an orc priest.

Vanquished Creatures
  Pikel (D:4)
  Menkaure (Ossuary)
  A black bear (D:5)
  2 lemures (D:4)
  A bullfrog (D:4)
  3 scorpions
  A bombardier beetle (D:4)
  A gnoll bouda (D:4)
  A hound (D:5)
  An orc priest (D:5)
  Jessica (D:3)
  2 iguanas (D:5)
  3 orc wizards
  5 ogre zombies (Ossuary)
  6 mummies (Ossuary)
  11 gnolls
  5 adders
  A shadow imp (D:5)
  2 ufetubi (D:5)
  6 adder zombies (Ossuary)
  2 dart slugs
  3 ribbon worms (D:4)
  14 orcs
  4 ball pythons
  3 bats
  6 endoplasms
  A giant cockroach (D:1)
  9 goblins
  6 hobgoblins
  7 kobolds
  8 quokkas
  8 frilled lizards
  2 gnoll zombies (Ossuary)
  2 goblin zombies (Ossuary)
  A hobgoblin zombie (Ossuary)
  3 kobold zombies (Ossuary)
  9 quokka zombies (Ossuary)
  2 rats (D:1)
  2 rat zombies (Ossuary)
147 creatures vanquished.

Notes
Turn   | Place    | Note
-------+----------+-------------------------------------------
     0 | D:1      | timneilson the Octopode Shapeshifter began the quest for
                  | the Orb.
     0 | D:1      | Reached XP level 1. HP: 13/13 MP: 1/1
    31 | D:1      | Reached XP level 2. HP: 7/18 MP: 2/2
   165 | D:1      | Reached skill level 1 in Stealth
   411 | D:1      | Reached XP level 3. HP: 15/23 MP: 3/3
  1110 | D:2      | Found an opulent altar of Gozag.
  1195 | D:2      | Became a worshipper of Gozag Ym Sagoz the Greedy
  1837 | D:3      | Found a basalt altar of Yredelemnul.
  1938 | D:3      | Reached XP level 4. HP: 20/29 MP: 4/4
  2299 | D:3      | Noticed Jessica
  2303 | D:3      | Killed Jessica
  2304 | D:3      | Reached XP level 5. HP: 35/35 MP: 5/5
  2716 | D:4      | Noticed a lemure
  2719 | D:4      | Noticed a lemure
  2721 | D:4      | Noticed Pikel
  2721 | D:4      | Noticed a lemure
  2724 | D:4      | Killed a lemure
  2726 | D:4      | Noticed a lemure
  2728 | D:4      | Killed a lemure
  2736 | D:4      | Killed Pikel
  2737 | D:4      | Reached skill level 4 in Unarmed Combat
  2737 | D:4      | Reached XP level 6. HP: 28/43 MP: 6/6
  2737 | D:4      | Reached XP level 7. HP: 30/47 MP: 7/7
  2971 | D:4      | Found Ahooxzy's Gadget Gallery.
  3123 | D:4      | Found a radiant altar of Vehumet.
  3592 | D:4      | Reached skill level 5 in Unarmed Combat
  3592 | D:4      | Reached XP level 8. HP: 54/54 MP: 8/8
  3715 | D:5      | Entered Level 5 of the Dungeon
  3751 | D:5      | Found a sand-covered staircase.
  3757 | Ossuary  | Entered an ossuary
  4621 | Ossuary  | Noticed Menkaure
  4636 | Ossuary  | Reached skill level 5 in Shapeshifting
  4646 | Ossuary  | Killed Menkaure
  4649 | Ossuary  | Reached skill level 5 in Dodging
  5000 | D:5      | Reached skill level 5 in Fighting
  5065 | D:5      | Reached skill level 5 in Stealth
  5409 | D:4      | Reached XP level 9. HP: 24/61 MP: 9/9
  5546 | D:5      | Reached skill level 6 in Unarmed Combat
  5548 | D:5      | Slain by an orc priest

Illustrated notes

Levels and vault maps discovered:
D:1:      psy_arrival_radial02, layout_basic
D:2:      layout_loops_ring, basic_altar, nrook_mini_vaults, minmay_vboxes
D:3:      layout_basic, mainiacjoe_overflow_catwalk, kennysheep_jessica_study
D:4:      layout_loops_ring, vehumet_statue, nicolae_shop_gadgets, uniq_pikel
D:5:      layout_loops_cross, mainiacjoe_overflow_brackets,
          nemelex_dance_club_becter, enter_ossuary_1

Skill      XL: |  1  2  3  4  5  6  7  8  9 |
---------------+----------------------------+-----
Stealth        | 1 2 3 4 5 |  5.2
Fighting       | 2 3 4 5 |  5.3
Dodging        | 4 5 |  5.5
Unarmed Combat | 4 5 6 |  6.0
Shapeshifting  | 4 5 |  5.5

Action                     |  1- 3 |  4- 6 |  7- 9 || total
---------------------------+-------+-------+-------++-------
  Melee: Unarmed           |    75 |    44 |   204 ||   323
         Constrict         |    20 |    10 |    58 ||    88
         Tentacles         |    11 |     6 |    57 ||    74
         Punch             |     3 |     2 |     7 ||    12
    Use: Scroll            |     8 |     6 |     7 ||    21
         Potion            |     1 |     2 |     2 ||     5
   Stab: Sleeping          |     3 |     4 |    23 ||    30
 Armour: Skin              |    26 |    12 |    84 ||   122
  Dodge: Dodged            |    27 |    12 |   111 ||   150

Table legend: (Time is in decaauts)
 A = Elapsed time spent in this place.
 B = Non-inter-level travel time spent in this place.
 C = Inter-level travel time spent in this place.
 D = Time resting spent in this place.
 E = Time spent auto-exploring this place.
 F = Levels seen in this place.
 G = Mean time per level.
                   A        B        C        D        E       F      G
               +--------+--------+--------+--------+--------+-----+--------+
         Total |   5509 |   5267 |    242 |    577 |   3239 |   6 |  918.2 |
       Dungeon |   4485 |   4243 |    242 |    517 |   2534 |   5 |  897.0 |
       Ossuary |   1024 |   1024 |      0 |     60 |    705 |   1 | 1024.0 |
               +--------+--------+--------+--------+--------+-----+--------+

Top non-repeatable levels by time:
     D:4: 1292 daAuts
     D:1: 1041 daAuts
 Ossuary: 1024 daAuts
     D:3: 994 daAuts
     D:2: 694 daAuts
     D:5: 461 daAuts
